 Dungeon Crawl Stone Soup version 0.30-a0-137-gd8773701ce (webtiles) character file.

Game seed: 5378187971698659461

33 KennySheep the Twirler (level 3, 0/21 HPs)
             Began as a Tengu Gladiator on Sept 24, 2022.
             Was a Plaything of Xom.
             Slain by Grinder (2 damage)
             ... on level 3 of the Dungeon.
             The game lasted 00:03:39 (988 turns).

KennySheep the Twirler (Tengu Gladiator)             Turns: 988, Time: 00:03:40

Health: 0/21       AC:  3    Str: 16    XL:     3   Next: 29%
Magic:  4/4        EV: 13    Int:  8    God:    Xom [.*....]
Gold:   0          SH:  0    Dex: 15    Spells: 3/3 levels left

rFire   . . .      SeeInvis .    a - +0 quarterstaff
rCold   . . .      Faith    .    (shield currently unavailable)
rNeg    . . .      Spirit   .    b - +0 leather armour
rPois   .          Reflect  .    c - +0 hat
rElec   .          Harm     .    (no cloak)
rCorr   .          Rampage  .    (no gloves)
Will    .....                    (boots unavailable)
Stlth   +.........               n - amulet of the acrobat
HPRegen 0.07/turn                (no ring)
MPRegen 0.09/turn                (no ring)

@: no status effects
A: beak, talons 3
a: Renounce Religion


You were on level 3 of the Dungeon.
You worshipped Xom.
You were a plaything of Xom.
You visited 1 branch of the dungeon, and saw 3 of its levels.

Inventory:

Hand Weapons
 a - a +0 quarterstaff (weapon)
Missiles
 d - 3 throwing nets (quivered)
 e - a javelin
Armour
 b - a +0 leather armour (worn)
 c - a +0 hat (worn)
Jewellery
 n - an amulet of the acrobat (around neck)
 t - a ring of ice
Scrolls
 f - a scroll of butterflies
 g - a scroll of enchant weapon {unknown}
 j - a scroll of identify
 m - a scroll of amnesia {unknown}
 p - a scroll of magic mapping {unknown}
 s - a scroll of enchant armour {unknown}
Potions
 h - a potion of might {unknown}
 i - a potion of attraction {unknown}
 k - a potion of berserk rage {unknown}
 l - a potion of curing
 o - a potion of haste {unknown}
 q - a potion of lignification {unknown}
 r - a potion of mutation {unknown}


   Skills:
 + Level 2.2 Fighting
 * Level 3.9 Staves
 - Level 2.0 Throwing
 + Level 1.1 Armour
 + Level 3.5 Dodging
 + Level 0.5 Spellcasting


You had 3 spell levels left.
You didn't know any spells.
Your spell library contained the following spells:

 Spells                   Type           Power      Damage    Failure   Level
 Magic Dart               Conj           0%         1d3       45%         1
 Call Imp                 Summ           0%         N/A       61%         2
 Ignite Poison            Fire/Tmut/Pois 0%         N/A       83%         3
 Mephitic Cloud           Conj/Pois/Air  0%         N/A       83%         3
 Freezing Cloud           Conj/Ice/Air   0%         6-21      100%        5


Dungeon Overview and Level Annotations

Branches:
Dungeon (2/15)

Altars:
Xom

Annotations:
D:3 Grinder


Innate Abilities, Weirdness & Mutations

You have a beak for a mouth.
You have claws for feet.


Message History

The hobgoblin shouts!
You hear a shout! x2
A goblin comes into view. It is wielding a +0 dagger.
There are monsters nearby!
You hit the hobgoblin but do no damage. You claw the hobgoblin.
The hobgoblin is severely wounded.
The hobgoblin hits you.
You hit the hobgoblin.
You kill the hobgoblin!
Grinder comes into view.
There are monsters nearby!
Grinder gestures at you.
You suddenly lose the ability to move!
Grinder gestures at you. You resist with significant effort.
An endoplasm comes into view.
The endoplasm quivers. "Go forth and destroy!"
You feel better. The goblin hits you but does no damage.
The goblin hits you with a +0 dagger.
You can move again.
You barely miss the goblin. Your kick misses the goblin.
Xom's attention almost turns to you for a moment.
Your hat leaps into the air, briefly spins, then lands back on your head!
You are now a plaything of Xom.
The goblin hits you with a +0 dagger.
Grinder blinks!
You hit the goblin.
You kill the goblin!
Grinder hits you!
You writhe in agony.
* * * LOW HITPOINT WARNING * * *
Okay, then.
You sock Grinder!
Grinder is moderately wounded.
Grinder blinks!
You barely miss Grinder. You claw Grinder. You peck Grinder, but do no damage.
Grinder is moderately wounded.
Grinder hits you.
* * * LOW HITPOINT WARNING * * *
You writhe in agony.
You die...
Xom howls with laughter!

#....... #.
#..#... #
#.##...... ..
.........# ...
......#..##.. .
#.......... ..#
........ยง##...#.
#....)@.......
#.#.#5###.....
#.#.# ...
#.#.#.#.# .
#.......#
.....###.# ###
#.# #.# #.#


You could see Grinder.

Vanquished Creatures
  2 dart slugs (D:1)
  5 bats
  2 endoplasms (D:1)
  A giant cockroach (D:1)
  3 goblins
  A hobgoblin (D:3)
  4 kobolds
  3 quokkas
  3 ball pythons (D:1)
  2 frilled lizards (D:1)
  2 rats (D:1)
28 creatures vanquished.

Notes
Turn   | Place    | Note
-------+----------+-------------------------------------------
     0 | D:1      | KennySheep the Tengu Gladiator began the quest for the Orb.
     0 | D:1      | Reached XP level 1. HP: 12/12 MP: 2/2
   228 | D:1      | Reached XP level 2. HP: 17/17 MP: 3/3
   418 | D:1      | Found a faded altar of an unknown god.
   432 | D:1      | Prayed at the altar of an unknown god.
   432 | D:1      | Became a worshipper of Xom of Chaos
   448 | D:1      | XOM: silly message
   567 | D:1      | XOM: silly message
   596 | D:1      | Reached XP level 3. HP: 21/21 MP: 4/4
   698 | D:1      | Reached skill level 1 in Armour
   973 | D:2      | You fall into a shaft and drop 1 floor!
   979 | D:3      | Noticed Grinder
   981 | D:3      | Paralysed by Grinder for 4 turns
   983 | D:3      | XOM: potion effect (curing)
   985 | D:3      | XOM: silly message
   988 | D:3      | Slain by Grinder

Illustrated notes

Levels and vault maps discovered:
D:1:      minmay_arrival_statue_studded, layout_loops_corners,
          shapermc_ecumenical_altar_notcrosses
D:2:      layout_rooms, basic_altar
D:3:      layout_basic, minitemple, serial_shops, nicolae_shop_advertising_works
          [nicolae_subvault_shop_adworks], uniq_ijyb, uniq_grinder

Skill      XL: |  1  2  3 |
---------------+----------+-----
Armour         | 1 |  1.1
Fighting       | |  2.2
Staves         | |  3.9
Throwing       | |  2.0
Dodging        | |  3.5
Spellcasting   | |  0.5

Action                   || total
-------------------------++-------
Melee: Quarterstaff      ||    46
       Kick              ||    16
       Peck              ||     3
  Use: Potion            ||     1
       Scroll            ||     1
 Stab: Sleeping          ||     3
Armor: Leather armour    ||    10
Dodge: Dodged            ||    30

Table legend: (Time is in decaauts)
 A = Elapsed time spent in this place.
 B = Non-inter-level travel time spent in this place.
 C = Inter-level travel time spent in this place.
 D = Time resting spent in this place.
 E = Time spent auto-exploring this place.
 F = Levels seen in this place.
 G = Mean time per level.
                   A        B        C        D        E       F      G
               +--------+--------+--------+--------+--------+-----+--------+
         Total |    992 |    978 |     14 |      0 |    794 |   3 |  330.7 |
       Dungeon |    992 |    978 |     14 |      0 |    794 |   3 |  330.7 |
               +--------+--------+--------+--------+--------+-----+--------+

Top non-repeatable levels by time:
     D:1: 864 daAuts
     D:2: 112 daAuts
     D:3: 15 daAuts
